 Dungeon Crawl Stone Soup version 0.21.1-1-g345015fe64 (webtiles) character file.

854 Jannitor the Skirmisher (level 8, -4/65 HPs)
             Began as a Barachi Chaos Knight on June 12, 2018.
             Slain by an ice beast (5 damage)
             ... on level 6 of the Dungeon.
             The game lasted 00:09:20 (4523 turns).

Jannitor the Skirmisher (Barachi Chaos Knight)      Turns: 4523, Time: 00:09:21

Health: -4/65      AC:  8    Str: 15    XL:     8   Next: 1%
Magic:  8/8        EV: 14    Int: 13    God:    Xom [...*..]
Gold:   12         SH:  0    Dex: 22    Spells: 7/7 levels left

rFire    + . .     SeeInvis .   a - +1 spear (chaos)
rCold    + . .     Gourm    .   (no shield)
rNeg     . . .     Faith    .   k - +1 ring mail
rPois    .         Spirit   .   (helmet restricted)
rElec    +         Reflect  .   n - -1 cloak of the Eternal Void {rF+ Dex+4}
rCorr    .         Harm     .   (no gloves)
MR       .....     NoTele   +   d - +0 pair of boots
Stlth    ++........             (no amulet)
HPRegen  0.20/turn              f - ring "Juruol" {-Tele rElec rC+ Dex+6 Stlth+}
MPRegen  0.11/turn              (no ring)

@: slow
A: +LOS, swims, horns 1, slowness 1, teleportitis 1, strong legs 1
a: Hop, Renounce Religion


You were on level 6 of the Dungeon.
You worshipped Xom.
You were a favourite toy of Xom.
You were very hungry.

You visited 1 branch of the dungeon, and saw 6 of its levels.

You collected 211 gold pieces.
You spent 199 gold pieces at shops.

Inventory:

Hand Weapons
 a - a +1 spear of chaos (weapon)
Missiles
 l - 2 poisoned javelins (quivered)
Armour
 b - a +2 leather armour
 d - a +0 pair of boots (worn)
 k - a +1 ring mail (worn)
 n - the -1 cloak of the Eternal Void (worn) {rF+ Dex+4}
   (You bought it in a shop on level 4 of the Dungeon)

   It affects your dexterity (+4).
   It protects you from fire.
Jewellery
 f - the ring "Juruol" (left hand) {-Tele rElec rC+ Dex+6 Stlth+}
   (You found it on level 5 of the Dungeon)

   [ring of stealth]

   It affects your dexterity (+6).
   It protects you from cold.
   It insulates you from electricity.
   It prevents most forms of teleportation.
   It makes you more stealthy.
Wands
 g - a wand of random effects (17)
Scrolls
 i - 3 scrolls of remove curse
 j - a scroll of enchant weapon
 o - 2 scrolls of identify
 q - 2 scrolls of enchant armour
Comestibles
 c - 4 rations


   Skills:
 + Level 6.3 Fighting
 + Level 5.3 Polearms
 + Level 5.7 Armour
 + Level 4.7 Dodging


You had 7 spell levels left.
You didn't know any spells.

Dungeon Overview and Level Annotations

Branches:
Dungeon (6/15)
 Temple: D:4-7

Altars:
Elyvilon
Hepliaklqana
Okawaru
Ru
Xom

Shops:
D:4 [   D:5 [

Annotations:
D:2 Terence
D:3 Gargoyl's ghost, amateur CeAK
D:5 mass2k's ghost, novice DDFi


Innate Abilities, Weirdness & Mutations

Shadows flee at your approach. (+LOS)
You can swim through water.
You cover ground slowly.
You can hop short distances.
You have a pair of small horns on your head.
You are occasionally teleported next to monsters.


Message History

* * * LOW HITPOINT WARNING * * *
Unknown command.
You hit something. You burn something.
Reactivating autopickup.
You feel your intelligence returning.
You have reached level 8!
You feel clever.
You feel a bit more experienced.
You're too confused!
Unknown command.
Unknown command.
You bump into the rock wall.
You feel less confused. The ice beast barely misses you.
Deactivating autopickup; reactivate with Ctrl-A.
You miss something. Your headbutt misses something. The ice beast hits you.
* * * LOW HITPOINT WARNING * * *
The ice beast freezes you. You resist.
You die...
Xom chuckles heartily!

####
#..
#.#
#@#
#Y#
#.#
#.#
#.#
#.#
#.#
#.#
#.#


You could see an ice beast.

Vanquished Creatures
  Sigmund (D:2)
  A swamp drake (D:6)
  An ice beast (D:5)
  A phantom (D:4)
  2 crimson imps (D:5)
  A bullfrog zombie (D:5)
  A centaur zombie (D:5)
  A hound (D:5)
  2 orc wizards (D:5)
  An iguana (D:2)
  A worker ant (D:5)
  A gnoll (D:5)
  A howler monkey skeleton (D:5)
  4 adders
  2 river rats (D:5)
  A shadow imp (D:5)
  An adder skeleton (D:4)
  4 worms (D:3)
  3 dart slugs
  3 leopard geckos
  7 orcs (D:5)
  7 bats
  2 giant cockroaches
  13 goblins
  10 hobgoblins
  2 jackals (D:5)
  10 kobolds
  2 ball pythons
  A ball python skeleton (D:5)
  7 frilled lizards
  A leopard gecko skeleton (D:4)
  8 rats
103 creatures vanquished.

Vanquished Creatures (collateral kills)
  An orc wizard (D:5)
  An orc (D:5)
  A bat (D:2)
  A frilled lizard (D:3)
  A goblin (D:2)
  A rat (D:2)
6 creatures vanquished.

Grand Total: 109 creatures vanquished

Notes
Turn   | Place    | Note
-------+----------+-------------------------------------------
     0 | D:1      | Jannitor the Barachi Chaos Knight began the quest for the Orb.
     0 | D:1      | Reached XP level 1. HP: 18/18 MP: 1/1
   121 | D:1      | Reached XP level 2. HP: 20/25 MP: 2/2
   195 | D:1      | You fall through a shaft!
   217 | D:2      | Reached skill level 4 in Fighting
   217 | D:2      | Reached XP level 3. HP: 26/30 MP: 3/3
   796 | D:1      | Reached XP level 4. HP: 37/37 MP: 4/4
  1098 | D:2      | Noticed Terence
  1106 | D:2      | XOM: noise
  1124 | D:2      | XOM: smoke on damage
  1455 | D:3      | Found a sacrificial altar of Ru.
  1488 | D:3      | Noticed Gargoyl's ghost (amateur CeAK)
  1490 | D:3      | XOM: divination: magic mapping
  1770 | D:4      | Found Asuenut's Antique Armour Boutique.
  1963 | D:4      | XOM: 4-stop teleportation journey
  2032 | D:4      | XOM: mild Fire miscast
  2064 | D:4      | Noticed a phantom
  2131 | D:4      | Killed a phantom
  2131 | D:4      | Reached XP level 5. HP: 27/43 MP: 5/5
  2236 | D:4      | XOM: harmless Pois miscast
  2419 | D:2      | Noticed Sigmund
  2423 | D:2      | XOM: summons 5 friendly demons
  2434 | D:2      | Killed Sigmund
  2434 | D:2      | Reached skill level 5 in Fighting
  2434 | D:2      | Reached XP level 6. HP: 51/51 MP: 6/6
  2585 | D:2      | Found a shimmering altar of Xom.
  2634 | D:2      | Found a white marble altar of Elyvilon.
  2906 | D:2      | You fall through a shaft!
  2993 | D:3      | XOM: silly message
  3127 | D:3      | XOM: harmless Ice miscast
  3487 | D:3      | XOM: noise
  3677 | D:5      | Entered Level 5 of the Dungeon
  3729 | D:5      | Noticed an ice beast
  3735 | D:5      | XOM: potion effect (brilliance)
  3746 | D:5      | Killed an ice beast
  3746 | D:5      | Reached XP level 7. HP: 33/56 MP: 7/7
  3819 | D:5      | XOM: enchant monster (good)
  3823 | D:5      | Reached skill level 5 in Armour
  3838 | D:5      | Got a faintly glowing wooden ring
  3839 | D:5      | Identified the ring "Juruol" {-Tele rElec rC+ Dex+6 Stlth+} (You found it on level 5 of the Dungeon)
  3861 | D:5      | XOM: potion effect (haste)
  3871 | D:5      | Found a hazy altar of Hepliaklqana.
  3877 | D:5      | Found a sacrificial altar of Ru.
  3913 | D:5      | Found an iron altar of Okawaru.
  3968 | D:5      | Noticed mass2k's ghost (novice DDFi)
  3979 | D:5      | XOM: blink monster(s)
  4047 | D:5      | Reached skill level 6 in Fighting
  4047 | D:5      | Reached skill level 5 in Polearms
  4061 | D:5      | XOM: summons 2 friendly demons
  4270 | D:5      | Found Giuv's Antique Armour Emporium.
  4316 | D:5      | XOM: give mutation
  4316 | D:5      | Gained mutation: You are somewhat resistant to further mutation. [Xom's grace]
  4350 | D:4      | Bought a pitted cloak for 199 gold pieces
  4355 | D:4      | Identified the -1 cloak of the Eternal Void {rF+ Dex+4} (You bought it in a shop on level 4 of the Dungeon)
  4460 | D:5      | XOM: summons friendly quasit
  4477 | D:5      | Lost mutation: You are somewhat resistant to further mutation. [potion of mutation]
  4477 | D:5      | Gained mutation: You are occasionally teleported next to monsters. [potion of mutation]
  4477 | D:5      | Gained mutation: You have a pair of small horns on your head. [potion of mutation]
  4478 | D:5      | XOM: blink monster(s)
  4479 | D:5      | XOM: stat loss: -1 Int (11/12)
  4487 | D:5      | XOM: polymorph river rat -> swamp drake
  4491 | D:5      | XOM: blink monster(s)
  4495 | D:5      | XOM: summons friendly white imp
  4501 | D:5      | XOM: confuse monster(s)
  4520 | D:6      | HP: 2/58 [something (3)]
  4521 | D:6      | Reached XP level 8. HP: 2/65 MP: 8/8
  4523 | D:6      | Slain by an ice beast

Skill      XL: |  1  2  3  4  5  6  7 |
---------------+----------------------+-----
Fighting       | 4 5 6 |  6.3
Armour         | 3 4 5 |  5.7
Dodging        | 2 3 4 |  4.7
Polearms       | 4 5 |  5.3

Action                   |  1- 3 |  4- 6 |  7- 9 || total
-------------------------+-------+-------+-------++-------
Melee: Spear             |    93 |   240 |   110 ||   443
       Headbutt          |       |       |     3 ||     3
 Abil: Hop               |     1 |     1 |     1 ||     3
Evoke: Wand              |       |       |     3 ||     3
  Use: Potion            |       |     6 |     4 ||    10
       Scroll            |       |     4 |     6 ||    10
 Stab: Confused          |       |     1 |       ||     1
       Paralysed         |       |     3 |     4 ||     7
       Invisible         |       |     1 |     1 ||     2
  Eat: Ration            |       |     3 |       ||     3
       Chunk             |       |     2 |       ||     2
Armor: Leather armour    |     8 |       |       ||     8
       Ring mail         |       |    85 |    24 ||   109
Dodge: Dodged            |    43 |    85 |    52 ||   180
